 Dungeon Crawl Stone Soup version 0.29-a0-330-g52719c12eb (webtiles) character file.

Game seed: 16146574926123476730

8561 Crownlay the Fighter (level 11, -7/104 HPs)
             Began as a Hill Orc Fighter on Apr 24, 2022.
             Was an Initiate of Gozag.
             Mangled by a two-headed ogre
             ... wielding a +0 giant club
              (27 damage)
             ... on level 10 of the Dungeon.
             The game lasted 00:19:55 (11626 turns).

Crownlay the Fighter (Hill Orc Fighter)            Turns: 11626, Time: 00:19:56

Health: -7/104     AC: 22    Str: 24    XL:     11   Next: 32%
Magic:  11/11      EV:  5    Int:  8    God:    Gozag
Gold:   980        SH:  0    Dex: 10    Spells: 10/10 levels left

rFire   + + .      SeeInvis .   a - +0 war axe (vorpal)
rCold   + . .      Faith    .   (no shield)
rNeg    . . .      Spirit   .   b - +1 crystal plate armour
rPois   .          Reflect  .   (no helmet)
rElec   .          Harm     .   e - scarf {rC+ rF+}
rCorr   +          Rampage  .   (no gloves)
Will    .....                   g - +0 pair of boots
Stlth   ..........              (no amulet)
HPRegen 0.27/turn               j - ring of resist corrosion
MPRegen 0.12/turn               A - ring of protection from fire

@: no status effects
A: no striking features
a: Renounce Religion, Potion Petition, Call Merchant, Bribe Branch


You were on level 10 of the Dungeon.
You worshipped Gozag.
Gozag was pleased with you.
You visited 1 branch of the dungeon, and saw 10 of its levels.
You also visited: Ossuary.

You collected 1951 gold pieces.
You spent 112 gold pieces at shops.
You paid 859 gold pieces to Gozag.

Inventory:

Hand Weapons
 a - a +0 vorpal war axe (weapon)
 u - the +11 longbow of Ignis's Fury {speed, Will++ SInv}
   (You found it in an ossuary)

   Attacks with this weapon are significantly faster.
   SInv:      It lets you see invisible.
   Will:      It greatly increases your willpower.
Missiles
 B - 2 javelins
Armour
 b - a +1 crystal plate armour (worn)
 c - a +0 buckler
 e - a scarf of resistance (worn)
 g - a +0 pair of boots (worn)
Jewellery
 j - a ring of resist corrosion (left hand)
 A - a ring of protection from fire (right hand)
Wands
 y - a wand of digging (19)
 C - a wand of iceblast (1)
Scrolls
 h - a scroll of fog
 i - 2 scrolls of fear
 k - 2 scrolls of magic mapping
 l - 2 scrolls of immolation {unknown}
 o - a scroll of brand weapon
 p - 4 scrolls of teleportation {unknown}
 q - a scroll of amnesia {unknown}
 r - 3 scrolls of enchant armour {unknown}
 v - a scroll of summoning
 w - 2 scrolls of vulnerability {unknown}
 D - a scroll of holy word {unknown}
Potions
 d - 3 potions of might
 f - 2 potions of mutation
 n - 2 potions of flight
 s - 3 potions of attraction
 t - 3 potions of brilliance
 x - 2 potions of resistance
 z - 4 potions of curing


   Skills:
 * Level 11.6 Fighting
 + Level 11.4 Axes
 - Level 8.0 Bows
 + Level 9.5 Armour
 - Level 3.2 Shields


You had 10 spell levels left.
You didn't know any spells.
Your spell library contained the following spells:

 Spells                   Type           Power      Damage    Failure   Level
 Animate Skeleton         Necr           0%         N/A       100%        1
 Apportation              Tloc           0%         N/A       100%        1
 Magic Dart               Conj           0%         1d3       100%        1
 Sandblast                Erth           0%         2d4       100%        1
 Summon Small Mammal      Summ           0%         N/A       100%        1
 Passwall                 Tmut/Erth      0%         N/A       100%        2
 Searing Ray              Conj           0%         2d4       100%        2
 Sublimation of Blood     Necr           0%         N/A       100%        2
 Inner Flame              Hex/Fire       0%         N/A       100%        3
 Stone Arrow              Conj/Erth      0%         3d7       100%        3
 Cause Fear               Hex            0%         N/A       100%        4
 Fulminant Prism          Conj/Hex       0%         3d6       100%        4
 Petrify                  Tmut/Erth      0%         N/A       100%        4
 Irradiate                Conj/Tmut      0%         3d13      100%        5
 Discord                  Hex            0%         N/A       100%        8


Dungeon Overview and Level Annotations

Branches:
Dungeon (10/15)            Temple (0/1) D:5         Ossuary (visited)
   Lair: D:8-11         Orc: D:9-12

Altars:
Gozag
Makhleb
Okawaru
Ru
Sif Muna
Trog
Vehumet
Lugonu

Shops:
D:8 *

Annotations:
D:7 2 transporters, exclusion: oklob plant, kae's ghost, novice DgFE
D:9 2 transporters
D:10 Lodul


Message History

The two-headed ogre hits you with a +0 giant club!!
The two-headed ogre hits you with a +0 giant spiked club!
That's the wrong kind of item! (Use * to select it.) Evoke which item? (* to show all) (? for menu, Esc to quit)
Okay, then.
Aiming: Iceblast
Press: ? - help, Shift-Dir - straight line, f - two-headed ogre
Aim: a two-headed ogre, wielding a +0 giant club and a +0 giant spiked club (lightly wounded)
The mass of ice explodes!
The iceblast engulfs the two-headed ogre!
The two-headed ogre is heavily wounded.
The iceblast engulfs the two-headed ogre!
The two-headed ogre is moderately wounded.
You hear two shouts!
Throw: 3 javelins
Press: ? - help, Shift-Dir - straight line, f - two-headed ogre, p - two-headed ogre
Aim: a two-headed ogre, wielding two +0 giant clubs (lightly wounded, 76% to hit)
You throw a javelin.
The javelin barely misses the two-headed ogre.
The javelin closely misses the two-headed ogre.
The javelin pierces through the two-headed ogre.
The two-headed ogre is lightly wounded.
The javelin pierces through the two-headed ogre.
The two-headed ogre is lightly wounded.
The javelin pierces through the two-headed ogre but does no damage.
The two-headed ogre is lightly wounded.
The two-headed ogre hits you but does no damage. x2
The two-headed ogre attacks as you move away!
The two-headed ogre hits you with a +0 giant club!
The two-headed ogre hits you with a +0 giant spiked club.
Okay, then.
As you read the scroll of fear, it crumbles to dust.
You assume a fearsome visage.
The two-headed ogre looks frightened! x3
The two-headed ogre resists with some effort.
The two-headed ogre looks frightened!
The two-headed ogre hits you with a +0 giant club!
* * * LOW HITPOINT WARNING * * *
The two-headed ogre hits you with a +0 giant spiked club!!
You die...
Your body crumbles into a pile of gold.

........................##
####................OO###
# ###...............##
##.............O.#
#####(....##..###
###.....O..##
##...O.#...##
###...O.####..##
##......@# ##..##
###........# ##..##
###.....##...# ##.)##
##.....####...# ##..###
###....### #...# ###..##
##.....## #...# ##..##
.....### #...# ##..##
.....# #...# ##..# .....##
#...# ##..


You could see 6 two-headed ogres.

Vanquished Creatures
  Urug (D:10)
  Amaemon (D:10)
  Joseph (D:9)
  An unseen horror (D:10)
  A troll (D:10)
  Prince Ribbit (D:8)
  8 yaks
  3 wyverns
  3 steam dragons
  Edmund (D:5)
  An acid dragon (D:8)
  A water moccasin (D:9)
  3 orc warriors
  An ice beast (D:5)
  3 wolves (D:9)
  2 black bears
  4 centaurs
  2 phantoms (D:6)
  A kobold brigand (D:7)
  2 necrophages (D:7)
  5 bullfrogs (D:8)
  A gnoll sergeant (D:6)
  2 scorpions
  4 water moccasin zombies (Ossuary)
  4 wights (D:6)
  A killer bee (D:8)
  3 howler monkeys
  6 orc priests
  5 jellies
  3 hounds
  5 iguanas
  Crazy Yiuf (D:5)
  6 orc wizards
  2 mummies (Ossuary)
  4 gnolls (D:6)
  12 adders
  A white imp (D:7)
  2 ufetubi (D:4)
  5 adder zombies (Ossuary)
  2 worms
  2 dart slugs
  31 orcs
  9 endoplasms
  6 giant cockroaches
  4 gnoll zombies (Ossuary)
  4 goblins
  7 hobgoblins
  7 jackals
  3 quokkas
  7 ball pythons
  3 bats (D:1)
  4 frilled lizards
  7 hobgoblin zombies (Ossuary)
  10 kobolds
  4 kobold zombies (Ossuary)
  6 orc zombies (Ossuary)
  7 rats
236 creatures vanquished.

Vanquished Creatures (collateral kills)
  An orange demon (D:10)
  Grum (D:9)
  A wolf (D:9)
3 creatures vanquished.

Vanquished Creatures (others)
  2 plants (D:1)
2 creatures vanquished.

Grand Total: 241 creatures vanquished

Notes
Turn   | Place    | Note
-------+----------+-------------------------------------------
     0 | D:1      | Crownlay the Hill Orc Fighter began the quest for the Orb.
     0 | D:1      | Reached XP level 1. HP: 19/19 MP: 1/1
   218 | D:1      | Reached XP level 2. HP: 25/27 MP: 2/2
   741 | D:1      | Found a faded altar of an unknown god.
   854 | D:1      | Reached XP level 3. HP: 30/33 MP: 3/3
  1226 | D:2      | Reached XP level 4. HP: 30/40 MP: 4/4
  2020 | D:3      | Found a radiant altar of Vehumet.
  2119 | D:3      | Found a large runed translucent door.
  2120 | D:3      | Found a large runed translucent door.
  2375 | D:3      | Found a bloodstained altar of Trog.
  2387 | D:3      | Found an opulent altar of Gozag.
  2393 | D:3      | Became a worshipper of Gozag Ym Sagoz the Greedy
  2490 | D:4      | Identified a scroll of acquirement
  2491 | D:4      | Acquired a +1 crystal plate armour
  2501 | D:4      | Reached skill level 5 in Axes
  2501 | D:4      | Reached XP level 5. HP: 43/47 MP: 5/5
  2829 | D:4      | Found a sand-covered staircase.
  2838 | Ossuary  | Entered an ossuary
  2872 | Ossuary  | Reached skill level 5 in Fighting
  2872 | Ossuary  | Reached XP level 6. HP: 56/56 MP: 6/6
  3005 | Ossuary  | Reached XP level 7. HP: 58/61 MP: 7/7
  3036 | Ossuary  | Reached skill level 5 in Armour
  3119 | Ossuary  | Identified the +11 longbow of Ignis's Fury {speed, Will++
                  | SInv}
  3198 | D:4      | Reached skill level 1 in Bows
  3665 | D:5      | Entered Level 5 of the Dungeon
  3680 | D:5      | Noticed Edmund
  3693 | D:5      | Killed Edmund
  3773 | D:5      | Reached XP level 8. HP: 71/71 MP: 8/8
  3783 | D:5      | Found a staircase to the Ecumenical Temple.
  4341 | D:5      | Found a runed translucent door.
  4342 | D:5      | Noticed Crazy Yiuf
  4672 | D:5      | Killed Crazy Yiuf
  5323 | D:6      | Reached XP level 9. HP: 69/79 MP: 9/9
  5329 | D:6      | Reached skill level 5 in Bows
  5920 | D:7      | Identified the +9 arbalest of the Throat {penet, +Blink
                  | Will- Int+3}
  6284 | D:7      | Found a transporter.
  6284 | D:7      | Noticed an oklob plant
  6367 | D:7      | Found a transporter.
  6414 | D:7      | Found a shimmering blue altar of Sif Muna.
  6475 | D:7      | Noticed kae's ghost (novice DgFE)
  6476 | D:7      | Noticed a purple ugly thing
  7002 | D:8      | Found a sacrificial altar of Ru.
  7004 | D:8      | Noticed Prince Ribbit
  7013 | D:8      | Killed Prince Ribbit
  7133 | D:8      | Found an iron altar of Okawaru.
  7457 | D:8      | Reached XP level 10. HP: 36/90 MP: 10/10
  8148 | D:8      | Found Carog's Changing Room.
  8166 | D:8      | Bought a potion of mutation for 112 gold pieces
  8763 | D:9      | Reached skill level 10 in Axes
  9085 | D:9      | Noticed Grum
  9114 | D:9      | Killed Grum
  9493 | D:9      | Found a burning altar of Makhleb.
  9525 | D:9      | Noticed Joseph
  9546 | D:9      | Killed Joseph
  9547 | D:9      | Reached skill level 10 in Fighting
  9948 | D:9      | Found a transporter.
  9950 | D:9      | Found a corrupted altar of Lugonu.
  9995 | D:9      | Found a transporter.
  9998 | D:9      | Noticed a green ugly thing
  9999 | D:9      | Noticed a white ugly thing
 10349 | D:10     | Entered Level 10 of the Dungeon
 10435 | D:10     | Noticed Amaemon
 10441 | D:10     | Noticed an orange demon
 10452 | D:10     | Killed an orange demon
 10453 | D:10     | Reached XP level 11. HP: 79/101 MP: 11/11
 10456 | D:10     | Killed Amaemon
 11279 | D:10     | Noticed Urug
 11300 | D:10     | Killed Urug
 11611 | D:10     | Noticed Lodul
 11611 | D:10     | Noticed a two-headed ogre
 11611 | D:10     | Noticed a two-headed ogre
 11611 | D:10     | Noticed a two-headed ogre
 11611 | D:10     | Noticed a two-headed ogre
 11612 | D:10     | Noticed a two-headed ogre
 11613 | D:10     | Noticed a two-headed ogre
 11613 | D:10     | Noticed a two-headed ogre
 11626 | D:10     | Mangled by a two-headed ogre

Illustrated notes

Levels and vault maps discovered:
D:1:      tarquinn_simple_flora_water_f, layout_loops_ring,
          shapermc_ecumenical_altar_mp_urbaneastern, serial_bayou_pond_b,
          minmay_3d_cube
D:2:      layout_rooms
D:3:      layout_basic, jmf_multi_god_temple2, nicolae_vehumet_altar_sigil
D:4:      layout_loops_ring, nicolae_ossuary_entry_ruins
D:5:      layout_basic, temple_statues, minmay_checkerbox,
          uniq_crazy_yiuf_cottage, uniq_edmund
D:6:      layout_rooms, columned_hall_lemuel
D:7:      layout_basic, marbit_many_paths, nzn_ghost_randoct
D:8:      kennysheep_spiral_hall, layout_loops_corners,
          grunt_temple_overflow_open, nicolae_transmutations_shop,
          hangedman_decor_diamond_cutter, hangedman_decor_points,
          uniq_prince_ribbit1
D:9:      gammafunk_corrupted_shrine, layout_layer_cave, bloody_makhleb,
          uniq_joseph, uniq_grum
D:10:     layout_cave_pods, uniq_amaemon, uniq_lodul, uniq_urug

Skill      XL: |  1  2  3  4  5  6  7  8  9 10 11 |
---------------+----------------------------------+-----
Axes           | 3 4 5 6 7 8 9 10 11 | 11.4
Fighting       | 4 5 6 7 8 10 11 | 11.6
Armour         | 4 5 6 7 9 |  9.5
Bows           | 2 4 6 8 |  8.0
Shields        | |  3.2

Action                   |  1- 3 |  4- 6 |  7- 9 | 10-12 || total
-------------------------+-------+-------+-------+-------++-------
Melee: War axe           |   110 |   120 |    89 |   126 ||   445
       Hand axe          |       |     3 |       |       ||     3
       Punch             |       |       |     1 |     2 ||     3
 Fire: Longbow           |       |       |   229 |    90 ||   319
Throw: Javelin           |       |       |       |     3 ||     3
Invok: Potion Petition   |       |       |       |     2 ||     2
Evoke: Wand              |       |       |       |     1 ||     1
  Use: Scroll            |       |     5 |     5 |     9 ||    19
       Potion            |       |       |       |     7 ||     7
 Stab: Distracted        |       |       |       |     1 ||     1
Armor: Scale mail        |    24 |       |       |       ||    24
       Chain mail        |    47 |    18 |       |       ||    65
       Crystal plate arm |       |    52 |   255 |   195 ||   502
Dodge: Dodged            |    41 |    17 |    40 |    55 ||   153
Block: Buckler           |    27 |    20 |     3 |       ||    50

Table legend: (Time is in decaauts)
 A = Elapsed time spent in this place.
 B = Non-inter-level travel time spent in this place.
 C = Inter-level travel time spent in this place.
 D = Time resting spent in this place.
 E = Time spent auto-exploring this place.
 F = Levels seen in this place.
 G = Mean time per level.
                   A        B        C        D        E       F      G
               +--------+--------+--------+--------+--------+-----+--------+
         Total |  11942 |  11583 |    359 |    173 |   9200 |  11 | 1085.6 |
       Dungeon |  11631 |  11272 |    359 |    173 |   9022 |  10 | 1163.1 |
       Ossuary |    310 |    310 |      0 |      0 |    178 |   1 |  310.0 |
               +--------+--------+--------+--------+--------+-----+--------+

Top non-repeatable levels by time:
     D:8: 1747 daAuts
     D:9: 1730 daAuts
    D:10: 1291 daAuts
     D:6: 1202 daAuts
     D:7: 1110 daAuts
     D:5: 1096 daAuts
     D:1: 1085 daAuts
     D:4: 935 daAuts
     D:3: 809 daAuts
     D:2: 623 daAuts
 Ossuary: 310 daAuts
